 Dungeon Crawl Stone Soup version 0.28-a0-519-gbfeecf2 (webtiles) character file.

Game seed: 12092364787514489616

4670 BarneyGumball the Basher (level 10, 59/59 HPs)
             Began as a Gargoyle Fighter on Oct 30, 2020.
             Was an Elder of Okawaru.
             Quit the game on level 8 of the Dungeon on Sept 23, 2021.
             The game lasted 00:23:19 (8717 turns).

BarneyGumball the Basher (Gargoyle Fighter)         Turns: 8717, Time: 00:23:20

Health: 59/59      AC: 20    Str: 24    XL:     10   Next: 44%
Magic:  10/10      EV:  7    Int:  8    God:    Okawaru [****..]
Gold:   453        SH:  8    Dex:  9    Spells: 9/9 levels left

rFire   . . .      SeeInvis .   a - +1 flail
rCold   . . .      Faith    .   c - +0 kite shield
rNeg    + . .      Spirit   .   b - +0 scale mail
rPois   ∞          Reflect  .   i - +1 helmet
rElec   +          Harm     .   w - +0 cloak
rCorr   .          Rampage  .   g - +0 pair of gloves
Will    .....                   f - +0 pair of boots
Stlth   ..........              (no amulet)
HPRegen 0.19/turn               (no ring)
MPRegen 0.12/turn               (no ring)

@: no status effects
A: sickness immunity, AC +7, negative energy resistance 1, electricity
resistance, torment resistance 1, petrification resistance
a: Renounce Religion, Heroism, Finesse


You were on level 8 of the Dungeon.
You worshipped Okawaru.
Okawaru was greatly pleased with you.
You visited 2 branches of the dungeon, and saw 10 of its levels.

You collected 453 gold pieces.

Inventory:

Hand Weapons
 a - a +1 flail (weapon)
Armour
 b - a +0 scale mail (worn)
 c - a +0 kite shield (worn)
 f - a +0 pair of boots (worn)
 g - a +0 pair of gloves (worn)
 i - a +1 helmet (worn)
 w - a +0 cloak (worn)
Jewellery
 j - a ring of willpower {unknown}
 m - an amulet of inaccuracy
 o - a +4 ring of protection {unknown}
 t - a ring of stealth
 y - a +6 ring of dexterity {unknown}
 B - a ring of stealth
Wands
 E - a wand of mindburst (9) (quivered)
 G - a wand of flame (13)
 H - a wand of polymorph (16)
 I - a wand of removedness (15)
 K - a wand of iceblast (8)
 L - a wand of digging (8)
Scrolls
 h - a scroll of fear {unknown}
 k - a scroll of identify
 l - a scroll of immolation
 p - 2 scrolls of magic mapping
 u - 2 scrolls of fog
 x - 3 scrolls of removedness
 J - 2 scrolls of teleportation
Potions
 d - 2 potions of might
 e - 3 potions of heal wounds
 n - 2 potions of resistance
 q - a potion of flight
 r - 2 potions of brilliance
 s - a potion of magic
 v - 2 potions of lignification
 z - 3 potions of curing
 A - a potion of ambrosia
 C - a potion of haste
 F - a potion of mutation


   Skills:
 - Level 5.0 Fighting
 * Level 13.9 Maces & Flails
 - Level 4.6 Armour
 + Level 4.8 Shields


You had 9 spell levels left.
You didn't know any spells.
Your spell library contained the following spells:

 Spells                   Type           Power      Damage    Failure   Level
 Corona                   Hex            0%         N/A       98%         1
 Foxfire                  Conj/Fire      0%         2x1d4     98%         1
 Magic Dart               Conj           0%         1d3       98%         1
 Sandblast                Erth           0%         2d4       98%         1
 Blink                    Tloc           N/A        N/A       99%         2
 Passwall                 Tmut/Erth      0%         N/A       99%         2
 Slow                     Hex            0%         N/A       99%         2
 Conjure Flame            Conj/Fire      0%         6-21      100%        3
 Inner Flame              Hex/Fire       0%         N/A       100%        3
 Mephitic Cloud           Conj/Pois/Air  0%         N/A       100%        3
 Portal Projectile        Hex/Tloc       0%         N/A       100%        3
 Stone Arrow              Conj/Erth      0%         3d7       100%        3
 Cause Fear               Hex            0%         N/A       100%        4
 Leda's Liquefaction      Hex/Erth       0%         N/A       100%        4
 Petrify                  Tmut/Erth      0%         N/A       100%        4
 Sticky Flame             Conj/Fire      0%         2d3       100%        4
 Fireball                 Conj/Fire      0%         3d3       100%        5
 Lee's Rapid Deconstruct  Erth           0%         3d5*      100%        5
 Call Imp                 Summ           Unusable   N/A       N/A         2

Dungeon Overview and Level Annotations

Branches:
Dungeon (9/15)             Temple (1/1) D:5            Lair (0/6) D:9
    Orc: D:9-12

Altars:
Ashenzari
Cheibriados
Dithmenos
Elyvilon
Fedhas
Gozag
Hepliaklqana
Kikubaaqudgha
Makhleb
Nemelex Xobeh
Okawaru
Qazlal
Ru
Sif Muna
Trog
Uskayaw
Vehumet
Wu Jian
Xom
Yredelemnul
Zin
The Shining One

Shops:
D:9 [

Annotations:
D:8 exclusion: statue


Innate Abilities, Weirdness & Mutations

You are immune to sickness and miasma.
Your stone body is resilient. (AC +7)
You are immune to poison.
You resist negative energy. (rN+)
You are resistant to electric shocks. (rElec)
You are resistant to unholy torment.
You are immune to petrification.


Message History

HP restored.
There is a stone staircase leading down here.
You climb downwards.
There is a stone staircase leading up here.
An orc and an orc wizard come into view.
The orc wizard shouts!
The orc shouts!
There are monsters nearby!
An orc comes into view. It is wielding a +0 falchion.
The orc wizard points at you and mumbles some strange words.
You easily resist.
The orc shouts!
There is a stone staircase leading up here.
The orc wizard casts a spell.
The orc wizard flickers and vanishes!
Deactivating autopickup; reactivate with Ctrl-A.
You barely miss the orc. The orc completely misses you.
You climb upwards.
Level annotation: exclusion: statue Reactivating autopickup.
There is a stone staircase leading down here.
You hit the orc but do no damage. The orc hits you.
You barely miss the orc. You barely miss the orc.
The orc hits you but does no damage.
You thump the orc!
You kill the orc!
Okawaru accepts your kill.
No target in view!
No target in view!
No target in view!
You start resting.
HP restored.
Level annotation: exclusion: statue Welcome back, BarneyGumball the Gargoyle Fighter.
Okawaru says: Bring me glory in combat!
Press ? for a list of commands and other information.
Unknown command.
Unknown command.
Okay, then.
Unknown command.
Unknown command.
Are you sure you want to abandon this character and quit the game? (Confirm with "yes".)

##.##.#.........##...
###.##.#.........##.##
####......#.........##.#
#....#.####............#
#...##..###..........###
###.###.##..........##
#......#.###..#####
###########....###|## #
#.....#####>@..([..# #
#.....##..[.###..#.# #
#.....#..##..##..#.######## #
#.......####..............# #
#.....### ##..###.######.###
#.....######..####.######..##
#............................
#.....###...#.######.#####...
#.....##..###.# #.## ##...


There were no monsters in sight!

Vanquished Creatures
  Harold (D:7)
  A two-headed ogre (D:8)
  A troll (D:9)
  An orc warrior (D:9)
  3 ice beasts
  A black bear (D:7)
  5 sky beasts
  2 phantoms
  4 ogres
  A centaur (D:5)
  A kobold brigand (D:9)
  Blork the orc (D:5)
  4 bullfrogs
  A gnoll sergeant (D:9)
  A scorpion (D:9)
  4 wights
  4 howler monkeys (D:7)
  A centaur zombie (D:7)
  4 hounds
  2 jellies
  An orc priest (D:4)
  A gnoll shaman (D:9)
  Jessica (D:3)
  Ijyb (D:5)
  An orc wizard (D:8)
  4 removed worker ants
  A killer bee zombie (D:5)
  A hound skeleton (D:4)
  Robin (D:2)
  6 adders
  9 gnolls (D:9)
  A shadow imp (D:8)
  An ufetubus (D:7)
  An endoplasm (D:2)
  2 worms (D:2)
  3 dart slugs (D:1)
  13 orcs
  3 removed leopard geckos
  10 bats
  6 giant cockroaches
  17 goblins
  4 hobgoblins
  12 jackals
  17 kobolds
  5 quokkas
  3 ball pythons
  5 frilled lizards
  2 jackal skeletons (D:4)
  A quokka skeleton (D:5)
  7 rats
183 creatures vanquished.

Vanquished Creatures (others)
  17 plants (D:9)
17 creatures vanquished.

Grand Total: 200 creatures vanquished

Notes
Turn   | Place    | Note
-------+----------+-------------------------------------------
     0 | D:1      | BarneyGumball the Gargoyle Fighter began the quest for the
                  | Orb.
     0 | D:1      | Reached XP level 1. HP: 14/14 MP: 1/1
   117 | D:1      | Reached XP level 2. HP: 19/19 MP: 2/2
   378 | D:1      | Reached skill level 3 in Maces & Flails
   856 | D:1      | Reached XP level 3. HP: 23/23 MP: 3/3
  1073 | D:2      | Found an ornate altar of the Wu Jian Council.
  1303 | D:2      | Noticed Robin
  1310 | D:2      | Reached skill level 4 in Maces & Flails
  1563 | D:1      | Reached XP level 4. HP: 28/28 MP: 4/4
  1591 | D:2      | Killed Robin
  2084 | D:2      | Reached skill level 5 in Maces & Flails
  2084 | D:2      | Reached XP level 5. HP: 27/32 MP: 5/5
  2128 | D:2      | Found a white marble altar of Elyvilon.
  2562 | D:3      | Noticed Jessica
  2575 | D:3      | Killed Jessica
  2661 | D:3      | Found a blossoming altar of Fedhas.
  3118 | D:3      | You fall into a shaft and drop 2 floors!
  3118 | D:5      | Entered Level 5 of the Dungeon
  3119 | D:5      | Found a staircase to the Ecumenical Temple.
  3123 | Temple   | Entered the Ecumenical Temple
  3381 | D:5      | Noticed a sky beast
  3442 | D:4      | Reached skill level 6 in Maces & Flails
  3442 | D:4      | Reached XP level 6. HP: 22/37 MP: 6/6
  4063 | D:4      | Found an iron altar of Okawaru.
  4135 | D:4      | Became a worshipper of Warmaster Okawaru
  4583 | D:5      | Found a bloodstained altar of Trog.
  4590 | D:5      | Noticed Blork the orc
  4602 | D:5      | Killed Blork the orc
  4602 | D:5      | Reached skill level 7 in Maces & Flails
  4720 | D:5      | Reached XP level 7. HP: 39/42 MP: 7/7
  5019 | D:5      | Found a bloodstained altar of Trog.
  5045 | D:5      | Noticed Ijyb
  5066 | D:5      | Killed Ijyb
  5253 | D:6      | Reached * piety under Okawaru
  5253 | D:6      | Reached skill level 8 in Maces & Flails
  5420 | D:6      | Reached skill level 5 in Fighting
  5420 | D:6      | Reached XP level 8. HP: 41/49 MP: 8/8
  5734 | D:7      | Reached ** piety under Okawaru
  5734 | D:7      | Reached skill level 9 in Maces & Flails
  5766 | D:7      | Found a sparkling altar of Nemelex Xobeh.
  5814 | D:7      | Noticed Harold
  6057 | D:7      | Found a snail-covered altar of Cheibriados.
  6057 | D:7      | Found a stormy altar of Qazlal.
  6263 | D:7      | Reached skill level 10 in Maces & Flails
  6263 | D:7      | Reached XP level 9. HP: 54/54 MP: 9/9
  6327 | D:7      | Found a shimmering altar of Xom.
  6359 | D:8      | Noticed a two-headed ogre
  6748 | D:7      | Killed Harold
  6748 | D:7      | Reached *** piety under Okawaru
  6748 | D:7      | Reached skill level 11 in Maces & Flails
  7016 | D:8      | Found a radiant altar of Vehumet.
  7033 | D:8      | Reached skill level 12 in Maces & Flails
  7239 | D:8      | Killed a two-headed ogre
  7239 | D:8      | Reached **** piety under Okawaru
  7239 | D:8      | Reached XP level 10. HP: 39/59 MP: 10/10
  7409 | D:8      | Found a glowing silver altar of Zin.
  7410 | D:8      | Noticed an angel
  7683 | D:9      | Reached skill level 13 in Maces & Flails
  7822 | D:9      | Found an opulent altar of Gozag.
  7822 | D:9      | Found a shadowy altar of Dithmenos.
  8315 | D:9      | Found Isophete's Armour Boutique.
  8320 | D:9      | Found a staircase to the Lair.
  8450 | D:9      | Received a gift from Okawaru
  8716 | D:8      | Upgraded the game from 0.26-a0-710-g95a0c6c to
                  | 0.28-a0-519-gbfeecf2
  8717 | D:8      | Quit the game

Illustrated notes

Levels and vault maps discovered:
D:1:      lemuel_arrival_rhombus, layout_basic, hex_intersection,
          amethyst_killhole, nrook_loot_triangle, minmay_quantized
D:2:      layout_basic, lemuel_doored_altar, overflow_temple_1_default,
          minmay_fractal_squares_gapless_5, uniq_robin
D:3:      layout_basic, fedhas_altar_3, uniq_jessica
D:4:      layout_loops_ring, lemuel_coloured_pillars_altar
D:5:      layout_basic, bloody_trog, minmay_temple_entry_sparse_star,
          corner_web_ring, kennysheep_flooded_box, uniq_blork_the_orc, uniq_ijyb
D:6:      layout_rooms, ebering_ghost_rock_garden
D:7:      layout_cave_pools, gammafunk_temple_overflow_wave,
          grunt_temple_overflow_open, uniq_harold
D:8:      layout_rooms, zin_angel, vehumet_statue
D:9:      layout_stronghold, minitemple, david_lair_shrubbed, serial_shops, shop
Temple:   jpeg_temple_alley_garden

Skill      XL: |  1  2  3  4  5  6  7  8  9 10 |
---------------+-------------------------------+-----
Maces & Flails | 3 4 5 6 7 8 10 12 13 | 13.9
Fighting       | 5 |  5.0
Armour         | 4 |  4.6
Shields        | 4 |  4.8

Action                   |  1- 3 |  4- 6 |  7- 9 | 10-12 || total
-------------------------+-------+-------+-------+-------++-------
Melee: Flail             |   121 |   301 |   293 |   174 ||   889
       Unarmed           |       |       |     1 |       ||     1
Invok: Heroism           |       |       |     1 |     1 ||     2
  Use: Scroll            |       |       |    19 |     2 ||    21
       Potion            |       |       |     1 |     1 ||     2
Armor: Scale mail        |    95 |   193 |   167 |   105 ||   560
Dodge: Dodged            |    50 |   107 |    68 |    38 ||   263
Block: Kite shield       |    88 |   161 |   116 |    98 ||   463

Table legend: (Time is in decaauts)
 A = Elapsed time spent in this place.
 B = Non-inter-level travel time spent in this place.
 C = Inter-level travel time spent in this place.
 D = Time resting spent in this place.
 E = Time spent auto-exploring this place.
 F = Levels seen in this place.
 G = Mean time per level.
                   A        B        C        D        E       F      G
               +--------+--------+--------+--------+--------+-----+--------+
         Total |   8801 |   8250 |    551 |    639 |   5594 |  10 |  880.1 |
       Dungeon |   8542 |   8028 |    514 |    639 |   5395 |   9 |  949.1 |
        Temple |    259 |    222 |     37 |      0 |    199 |   1 |  259.0 |
               +--------+--------+--------+--------+--------+-----+--------+

Top non-repeatable levels by time:
     D:1: 1511 daAuts
     D:9: 1082 daAuts
     D:2: 1002 daAuts
     D:7: 963 daAuts
     D:3: 873 daAuts
     D:5: 845 daAuts
     D:8: 827 daAuts
     D:4: 809 daAuts
     D:6: 626 daAuts
  Temple: 259 daAuts
